 Dungeon Crawl Stone Soup version 0.22.1-1-ga44c0e5 (webtiles) character file.

98 inmateoo the Ruffian (level 4, -5/36 HPs)
             Began as a Ghoul Warper on Sept 26, 2018.
             Slain by Grinder (8 damage)
             ... on level 3 of the Dungeon.
             The game lasted 00:02:37 (1413 turns).

inmateoo the Ruffian (Ghoul Warper)                 Turns: 1413, Time: 00:02:37

Health: -5/36      AC:  6    Str: 14    XL:     4   Next: 71%
Magic:  5/5        EV:  9    Int:  9    God:
Gold:   118        SH:  0    Dex:  8    Spells: 6/6 levels left

rFire    . . .     SeeInvis .     - Unarmed
rCold    + + .     Gourm    .   (no shield)
rNeg     + + +     Faith    .   h - +0 scale mail
rPois    ∞         Spirit   .   (no helmet)
rElec    .         Reflect  .   (no cloak)
rCorr    .         Harm     .   (no gloves)
MR       .....                  (no boots)
Stlth    +.........             (no amulet)
HPRegen  0.00/turn              i - ring of protection from cold
MPRegen  0.09/turn              q - ring of stealth

@: rotting
A: rotting body, claws 1, carnivore, cold resistance 1, negative energy
resistance 3, inhibited regeneration, torment resistance, unbreathing
a: no special abilities


You were on level 3 of the Dungeon.
You were not hungry.

You visited 1 branch of the dungeon, and saw 3 of its levels.

You collected 118 gold pieces.

Inventory:

Missiles
 d - 5 tomahawks of dispersal (quivered)
Armour
 h - a +0 scale mail (worn)
Jewellery
 i - a ring of protection from cold (left claw)
 q - a ring of stealth (right claw)
Scrolls
 a - a scroll of magic mapping {unknown}
 b - a scroll of teleportation {unknown}
 c - a scroll of blinking
 e - a scroll of immolation {unknown}
 o - a scroll of identify {unknown}
 p - a scroll of remove curse {unknown}
Potions
 j - a potion of mutation {unknown}
 k - a potion of flight {unknown}
 l - a potion of lignification {unknown}
 m - a potion of haste {unknown}
 n - a potion of curing {unknown}
Comestibles
 f - 3 rations


   Skills:
 - Level 2.1 Fighting
 - Level 0.8 Throwing
 - Level 0.8 Armour
 - Level 1.7 Dodging
 * Level 5.2 Unarmed Combat
 - Level 1.7 Spellcasting
   Level 2.6 Translocations


You had 6 spell levels left.
You didn't know any spells.
Your spell library contained the following spells:

 Spells                   Type           Power        Failure   Level  Hunger
 Blink                    Tloc           N/A          58%         2    ###....
 Shroud of Golubria       Chrm/Tloc      #.........   78%         2    ###....
 Gell's Gravitas          Tloc           #.........   83%         3    ####...
 Lesser Beckoning         Tloc           #.........   83%         3    ####...
 Teleport Other           Tloc           #.......     83%         3    ####...
 Passage of Golubria      Tloc           N/A          99%         4    #####..


Dungeon Overview and Level Annotations

Branches:
Dungeon (3/15)

Altars:

Annotations:
D:3 Grinder


Innate Abilities, Weirdness & Mutations

Your body is rotting away.
You thrive on raw meat.
You are immune to poison.
You have sharp fingernails.
You are carnivorous and can eat meat at any time.
Your flesh is cold resistant. (rC+)
You are immune to negative energy. (rN+++)
You do not regenerate when monsters are visible.
You are immune to unholy pain and torment.
You can survive without breathing.


Message History

The wight is almost destroyed.
The wight hits you with an enchanted mace.
You scratch the wight.
You destroy the wight!
Your Unarmed Combat skill increases to level 5!
You scratch the wight but do no damage.
The wight hits you with an enchanted great sword!
* * * LOW HITPOINT WARNING * * *
You are too injured to fight recklessly!
You closely miss the wight. The wight misses you.
You are too injured to fight recklessly!
You see here a goblin corpse.
Press: ? - help, v - describe, . - travel
Here: a wight, wielding an enchanted great sword and wearing a robe The floor.
You see here 20 arrows.
Grinder hits you.
* * * LOW HITPOINT WARNING * * *
You closely miss Grinder. Grinder hits you!
You die...

##. #..#.# #.########.. ..
.. #..#.# #.# #(. ... ##.##
#..#.###.## #.# #(.##...#
#..#.##...## #.#
......#.###..#.#.....####.#
#.......K.÷...........[...#
#.#.......###.##.....####.#
#.........# #<5......####.#
###.......###.#@.>........#
###...#.....#z.....####.#
#...###.###.###### #.#
.......#.[..# #z# #..
########.####
#.###########. #.#
#z.......# #. #.#
##........ .# #.# #........
# #.# #(.......


You could see Grinder and 3 wights.

Vanquished Creatures
  A wight (D:3)
  An adder (D:3)
  2 worms (D:3)
  A dart slug (D:2)
  A leopard gecko (D:2)
  An orc (D:3)
  3 giant cockroaches
  3 hobgoblins (D:1)
  6 jackals
  5 kobolds
  5 bats
  4 frilled lizards
  4 goblins
  A rat (D:2)
38 creatures vanquished.

Notes
Turn   | Place    | Note
-------+----------+-------------------------------------------
     0 | D:1      | inmateoo the Ghoul Warper began the quest for the Orb.
     0 | D:1      | Reached XP level 1. HP: 17/17 MP: 2/2
   205 | D:1      | Reached XP level 2. HP: 16/24 MP: 3/3
   322 | D:1      | Reached skill level 3 in Unarmed Combat
   650 | D:2      | Found a faded altar of an unknown god.
   681 | D:2      | Reached XP level 3. HP: 27/29 MP: 4/4
   856 | D:2      | Reached skill level 4 in Unarmed Combat
  1285 | D:3      | Noticed Grinder
  1286 | D:3      | Paralysed by Grinder for 7 turns
  1380 | D:3      | Reached XP level 4. HP: 27/36 MP: 5/5
  1396 | D:3      | Reached skill level 5 in Unarmed Combat
  1413 | D:3      | Slain by Grinder

Skill      XL: |  1  2  3  4 |
---------------+-------------+-----
Unarmed Combat | 3 4 5 |  5.2
Fighting       | |  2.1
Throwing       | |  0.8
Armour         | |  0.8
Dodging        | |  1.7
Spellcasting   | |  1.7
Translocations | |  2.6

Action                   |  1- 3 |  4- 6 || total
-------------------------+-------+-------++-------
Melee: Unarmed           |   124 |    19 ||   143
  Eat: Chunk             |     9 |       ||     9
Armor: Leather armour    |     3 |       ||     3
       Scale mail        |    56 |     2 ||    58
Dodge: Dodged            |    62 |     9 ||    71
